 Dungeon Crawl Stone Soup version 0.19-a0-644-gd04d753 (webtiles) character file.

32 epen the Grasshopper (level 3, 0/29 HPs)
             Began as a Ghoul Warper on June 14, 2016.
             Slain by a goblin
             ... wielding a +0 dagger
              (2 damage)
             ... on level 2 of the Dungeon.
             The game lasted 00:01:56 (859 turns).

epen the Grasshopper (Ghoul Warper)                  Turns: 859, Time: 00:01:57

Health: 0/29       AC:  3    Str: 15    XL:     3   Next: 27%
Magic:  5/5        EV: 11    Int:  8    God:
Gold:   105        SH:  0    Dex:  8    Spells: 2 memorised, 3 levels left

rFire  . . .     SeeInvis .       - Unarmed
rCold  + . .     Gourm    .     a - +0 leather armour
rNeg   + + +     Faith    .     (no shield)
rPois  ∞         Spirit   .     (no helmet)
rElec  .         Dismiss  .     (no cloak)
rCorr  .         Reflect  .     (no gloves)
SustAt .         Harm     .     (no boots)
MR     .....                    (no amulet)
Stlth  +.........               (no ring)
                                (no ring)

@: rotting, not resistant to hostile enchantments, very unstealthy
A: rotting body, claws 1, carnivore 3, cold resistance 1, negative energy
resistance 3, slow regeneration 1, torment resistance, unbreathing
a: no special abilities


You were on level 2 of the Dungeon.
You were not hungry.

You visited 1 branch of the dungeon, and saw 2 of its levels.

You collected 105 gold pieces.

Inventory:

Missiles
 d - 5 tomahawks of dispersal (quivered)
Armour
 a - a +0 leather armour (worn)
Jewellery
 j - an uncursed amulet of rage {unknown}
Scrolls
 c - a scroll of blinking
 h - a scroll of remove curse {unknown}
 i - 2 scrolls of magic mapping {unknown}
Potions
 e - a potion of haste {unknown}
 g - a potion of cancellation {unknown}
 k - a potion of ambrosia {unknown}
 l - a potion of agility {unknown}
 n - a potion of beneficial mutation {unknown}
Books
 b - a book of Spatial Translocations

   Spells                             Type                      Level
   a - Apportation                    Translocation                1
   b - Blink                          Translocation                2
   c - Shroud of Golubria             Charms/Translocation         2
   d - Portal Projectile              Translocation                3
   e - Teleport Other                 Translocation                3
   f - Passage of Golubria            Translocation                4
Comestibles
 f - a meat ration
 m - a chunk of flesh


   Skills:
 + Level 2.1 Fighting
 - Level 0.8 Throwing
 + Level 1.4 Armour
 + Level 2.0 Dodging
 + Level 2.5 Unarmed Combat
 * Level 2.0 Spellcasting
 * Level 3.1 Translocations


You had 3 spell levels left.
You knew the following spells:

 Your Spells              Type           Power        Failure   Level  Hunger
a - Apportation           Tloc           #.........   14%         1    ##.....
b - Blink                 Tloc           N/A          21%         2    ###....


Dungeon Overview and Level Annotations

Branches:
Dungeon (2/15)

Altars:
Trog


Innate Abilities, Weirdness & Mutations

Your body is rotting away.
You thrive on raw meat.
You are immune to poison.
You have sharp fingernails.
You are carnivorous and can eat meat at any time.
Your flesh is cold resistant. (rC+)
You are immune to negative energy. (rN+++)
You regenerate slowly when monsters are visible.
You are immune to unholy pain and torment.
You can survive without breathing.


Message History

You scratch the giant newt.
You kill the giant newt!
The bat barely misses you.
A goblin comes into view. It is wielding a dagger.
The bat hits you but does no damage. The bat closely misses you.
You see here a giant newt corpse.
You are too injured to fight recklessly!
You are too injured to fight recklessly!
You are too injured to fight recklessly!
You are too injured to fight recklessly!
You are too injured to fight recklessly!
You scratch the bat.
You kill the bat!
You scratch the goblin.
The goblin is heavily wounded.
The goblin hits you but does no damage.
You scratch the goblin.
The goblin is severely wounded.
The goblin hits you with a dagger.
You die...

###
##############..
#...............
#.......w....###
###
#.##########....
.. #.# ##... ##
#. #.# #..
##...#g##.# ..
..._...@..# #..
.#...###### . ##


You could see a goblin.

Vanquished Creatures
  3 ball pythons
  4 goblins
  2 hobgoblins (D:1)
  5 kobolds
  9 bats
  4 giant newts
  6 rats
33 creatures vanquished.

Notes
Turn   | Place    | Note
--------------------------------------------------------------
     0 | D:1      | epen the Ghoul Warper began the quest for the Orb.
     0 | D:1      | Reached XP level 1. HP: 17/17 MP: 2/2
   132 | D:1      | Reached XP level 2. HP: 14/24 MP: 3/3
   185 | D:1      | Reached skill level 1 in Armour
   213 | D:1      | Reached skill level 3 in Translocations
   650 | D:1      | Learned a level 2 spell: Blink
   675 | D:2      | Reached XP level 3. HP: 22/27 MP: 4/4
   776 | D:2      | Found a faded altar of an unknown god.
   852 | D:2      | Found a bloodstained altar of Trog.
   859 | D:2      | Slain by a goblin

Vault maps used:
D:1:      lemuel_arrival_hallway
D:2:      regret_index_temple_of_mockery, nicolae_overflow_crystal_walls,
          lemuel_crystal_altar, ecumenical_altar_1

Skill      XL: |  1  2  3 |
---------------+----------+-----
Armour         | 1 |  1.4
Translocations | 3 |  3.1
Dodging        | 2 |  2.0
Spellcasting   | 2 |  2.0
Fighting       | |  2.1
Throwing       | |  0.8
Unarmed Combat | |  2.5

Action                   || total
-------------------------++-------
Melee: Unarmed           ||    80
  Eat: Chunk             ||     2
Armor: Leather armour    ||    32
Dodge: Dodged            ||    43
